 Dungeon Crawl Stone Soup version 0.27-a0-1202-ge72e49191c (webtiles) character file.

Game seed: 6526424853596651037

469 rjrrt the Cleaver (level 6, -7/51 HPs)
             Began as a Minotaur Berserker on June 3, 2021.
             Was a Priest of Trog.
             Mangled by Duvessa
             ... wielding a +0 short sword
              (13 damage)
             ... on level 4 of the Dungeon.
             The game lasted 00:05:31 (3788 turns).

rjrrt the Cleaver (Minotaur Berserker)              Turns: 3788, Time: 00:05:32

Health: -7/51      AC:  0    Str: 24    XL:     6   Next: 82%
Magic:  5/5        EV: 14    Int:  4    God:    Trog [***...]
Gold:   227        SH:  0    Dex:  9    Spells: 5/5 levels left

rFire    . . .     SeeInvis .   (weapon currently unavailable)
rCold    . . .     Faith    .   (shield currently unavailable)
rNeg     . . .     Spirit   .   (armour currently unavailable)
rPois    .         Reflect  .   (helmet currently unavailable)
rElec    .         Harm     .   (cloak currently unavailable)
rCorr    .         Rampage  .   (gloves currently unavailable)
Will     .....                  (boots currently unavailable)
Stlth    +.........             (no amulet)
HPRegen  0.17/turn              (ring currently unavailable)
MPRegen  0.09/turn              (ring currently unavailable)

@: pig-form, very quick
A: fast, no casting, small, (horns 2), (retaliatory headbutt)
a: Renounce Religion, Berserk, Trog's Hand


You were on level 4 of the Dungeon.
You worshipped Trog.
Trog was most pleased with you.
You were a filthy swine.
You visited 1 branch of the dungeon, and saw 4 of its levels.

You collected 227 gold pieces.

Inventory:

Hand Weapons
 a - a +0 hand axe of freezing (melded)
Missiles
 p - 7 poisoned darts (quivered)
Armour
 c - a +2 cloak (melded)
 u - a +0 pair of gloves (melded)
 w - +0 steam dragon scales (melded)
Jewellery
 j - a +4 ring of protection (melded)
 o - a ring of fire
Wands
 s - a wand of polymorph (1)
Scrolls
 e - 2 scrolls of teleportation
Potions
 b - a potion of flight
 d - a potion of lignification
 f - a potion of curing
 g - a potion of berserk rage {unknown}
 h - a potion of brilliance {unknown}
 k - a potion of attraction {unknown}
 m - 2 potions of might {unknown}
 r - 2 potions of heal wounds


   Skills:
 - Level 3.6 Fighting
 + Level 9.4 Axes
 - Level 2.4 Armour
 - Level 2.1 Dodging


You had 5 spell levels left.
You didn't know any spells.
Your spell library was empty.

Dungeon Overview and Level Annotations

Branches:
Dungeon (4/15)
 Temple: D:4-7

Altars:
Ashenzari
Wu Jian

Annotations:
D:4 Duvessa


Innate Abilities, Weirdness & Mutations

You are a filthy swine.
You move quickly.
Your equipment is almost entirely melded.
You are incapable of wielding weapons or throwing items.
You cannot cast spells.
((You have a pair of horns on your head.))
((You reflexively headbutt those who attack you in melee.))


Message History

Duvessa zaps a wand.
Unknown command.
You hit Duvessa.
Duvessa is heavily wounded.
Duvessa hits you with a +0 short sword!
Unknown command.
You hit Duvessa.
Duvessa is severely wounded.
Duvessa zaps a wand.
You resist with some effort.
Unknown command.
You completely miss Duvessa.
Duvessa is severely wounded.
You hit Duvessa.
Duvessa is severely wounded.
Duvessa zaps a wand.
You resist with some effort.
The now-empty wand crumbles to dust.
Unknown command.
You hit Duvessa but do no damage.
Duvessa is severely wounded.
Duvessa barely misses you.
You barely miss Duvessa.
Duvessa is severely wounded.
Duvessa hits you with a +0 short sword!
You hit Duvessa but do no damage.
Duvessa is severely wounded.
Duvessa hits you with a +0 short sword!
* * * LOW HITPOINT WARNING * * *
Unknown command.
You are too injured to fight recklessly!
Unknown command.
You barely miss Duvessa.
Duvessa is severely wounded.
Duvessa hits you with a +0 short sword!
* * * LOW HITPOINT WARNING * * *
You are too injured to fight recklessly!
You closely miss Duvessa.
Duvessa is severely wounded.
Duvessa says, "Where magic fails, the sword succeeds!"
Duvessa hits you with a +0 short sword!
You die...

#.# ##.###. #.# #.# #.
####.# #.# ## #....#
############## #.#
#.#### #............#
#.#
#.########.##########.#
#.# ...........# ##.##
#.# .....####..#
#######...### #.#
####.# #..#
#..heJ......#
#.####..###.#####...#.#
#............# ##.##.#
#.###...###..# .... #
#.# #........# #.#.J
..# ##..####.. .......
#### #..# ## #e# ###
#..# .. ....


You could see Duvessa and an endoplasm.

Vanquished Creatures
  Menkaure (D:4)
  2 scorpions (D:4)
  Crazy Yiuf (D:4)
  Ijyb (D:3)
  4 adders
  A white imp (D:3)
  An adder skeleton (D:4)
  5 worms
  2 dart slugs
  5 orcs (D:4)
  7 endoplasms
  5 giant cockroaches
  2 goblins (D:2)
  7 hobgoblins
  20 jackals
  4 kobolds
  2 quokkas
  17 ball pythons
  4 bats
  A frilled lizard (D:2)
  5 rats
97 creatures vanquished.

Vanquished Creatures (others)
  2 plants (D:2)
2 creatures vanquished.

Grand Total: 99 creatures vanquished

Notes
Turn   | Place    | Note
-------+----------+-------------------------------------------
     0 | D:1      | rjrrt the Minotaur Berserker began the quest for the Orb.
     0 | D:1      | Reached XP level 1. HP: 19/19 MP: 0/0
    37 | D:1      | Reached skill level 4 in Axes
   269 | D:1      | Reached XP level 2. HP: 26/26 MP: 1/1
   419 | D:1      | Found a faded altar of an unknown god.
   779 | D:1      | Reached skill level 5 in Axes
  1226 | D:1      | Reached XP level 3. HP: 31/31 MP: 2/2
  1584 | D:2      | Reached ** piety under Trog
  1684 | D:2      | Reached skill level 6 in Axes
  1684 | D:2      | Reached XP level 4. HP: 39/39 MP: 3/3
  2349 | D:3      | Noticed Ijyb
  2359 | D:3      | Killed Ijyb
  2672 | D:3      | Found an ornate altar of the Wu Jian Council.
  2672 | D:3      | Found a broken altar of Ashenzari.
  2869 | D:3      | Reached XP level 5. HP: 42/45 MP: 4/4
  3040 | D:4      | Reached skill level 7 in Axes
  3103 | D:4      | Identified the +10 spear "Demonslayer" {pain, rC+ Str+3}
  3189 | D:4      | Reached skill level 8 in Axes
  3189 | D:4      | Reached XP level 6. HP: 49/51 MP: 5/5
  3215 | D:4      | Reached *** piety under Trog
  3279 | D:4      | Found a runed translucent door.
  3280 | D:4      | Noticed Crazy Yiuf
  3291 | D:4      | Killed Crazy Yiuf
  3423 | D:4      | Noticed Menkaure
  3438 | D:4      | Killed Menkaure
  3439 | D:4      | Reached skill level 9 in Axes
  3764 | D:4      | Noticed Duvessa
  3788 | D:4      | Mangled by Duvessa

Illustrated notes

Levels and vault maps discovered:
D:1:      heliophobic_arrival_henge, layout_basic,
          ebering_ecumenical_altar_petrified, hangedman_glass_teeth
D:2:      layout_loops_corners, minmay_shallow_snake_nest
D:3:      layout_loops_ring, amethyst_overflow_temple_binary, uniq_ijyb
D:4:      layout_loops_ring, uniq_crazy_yiuf_cottage, uniq_menkaure,
          uniq_duvessa

Skill      XL: |  1  2  3  4  5  6 |
---------------+-------------------+-----
Axes           | 4 5 6 8 9 |  9.4
Fighting       | |  3.6
Armour         | |  2.4
Dodging        | |  2.1

Action                   |  1- 3 |  4- 6 || total
-------------------------+-------+-------++-------
Melee: Hand axe          |    74 |   140 ||   214
       Headbutt          |    10 |    13 ||    23
       Unarmed           |       |    23 ||    23
Invok: Berserk           |     1 |     4 ||     5
  Use: Scroll            |       |    10 ||    10
 Stab: Sleeping          |     1 |       ||     1
Armor: Animal skin       |    16 |       ||    16
       Scale mail        |    20 |    26 ||    46
       Steam dragon scal |       |    23 ||    23
Dodge: Dodged            |    49 |    69 ||   118

Table legend: (Time is in decaauts)
 A = Elapsed time spent in this place.
 B = Non-inter-level travel time spent in this place.
 C = Inter-level travel time spent in this place.
 D = Time resting spent in this place.
 E = Time spent auto-exploring this place.
 F = Levels seen in this place.
 G = Mean time per level.
                   A        B        C        D        E       F      G
               +--------+--------+--------+--------+--------+-----+--------+
         Total |   3819 |   3704 |    115 |    305 |   2755 |   4 |  954.8 |
       Dungeon |   3819 |   3704 |    115 |    305 |   2755 |   4 |  954.8 |
               +--------+--------+--------+--------+--------+-----+--------+

Top non-repeatable levels by time:
     D:1: 1259 daAuts
     D:2: 1042 daAuts
     D:4: 771 daAuts
     D:3: 746 daAuts
